 Dungeon Crawl Stone Soup version 0.27-a0-1189-gb8eb6cee8e (webtiles) character file.

Game seed: 2983804825018302457

4 polve the Cutter (level 1, 0/16 HPs)
             Began as a Demonspawn Gladiator on May 22, 2021.
             Slain by a rat (1 damage)
             ... on level 1 of the Dungeon.
             The game lasted 00:00:07 (111 turns).

polve the Cutter (Demonspawn Gladiator)              Turns: 111, Time: 00:00:08

Health: 0/16       AC:  4    Str: 14    XL:     1   Next: 50%
Magic:  1/1        EV: 12    Int:  9    God:
Gold:   9          SH:  0    Dex: 14    Spells: 0/0 levels left

rFire    . . .     SeeInvis .   a - +0 rapier
rCold    . . .     Faith    .   (no shield)
rNeg     . . .     Spirit   .   b - +0 leather armour
rPois    .         Reflect  .   c - +0 helmet
rElec    .         Harm     .   (no cloak)
rCorr    .         Rampage  .   (no gloves)
Will     .....                  (no boots)
Stlth    +.........             (no amulet)
HPRegen  0.05/turn              (no ring)
MPRegen  0.07/turn              (no ring)

@: no status effects
A: no striking features
a: no special abilities


You were on level 1 of the Dungeon.
You visited 1 branch of the dungeon, and saw 1 of its levels.

You collected 9 gold pieces.

Inventory:

Hand Weapons
 a - a +0 rapier (weapon)
Missiles
 d - 3 throwing nets (quivered)
Armour
 b - a +0 leather armour (worn)
 c - a +0 helmet (worn)


   Skills:
 - Level 2.0 Fighting
 + Level 3.0 Short Blades
 - Level 1.7 Throwing
 - Level 2.6 Dodging


You couldn't memorise any spells.
You didn't know any spells.
Your spell library was empty.

Dungeon Overview and Level Annotations

Branches:
Dungeon (1/15)

Altars:


Message History

You are too injured to fight recklessly!
You are too injured to fight recklessly!
You are too injured to fight recklessly!
You are too injured to fight recklessly!
You are too injured to fight recklessly!
You are too injured to fight recklessly!
You are too injured to fight recklessly!
You are too injured to fight recklessly!
You are too injured to fight recklessly!
You are too injured to fight recklessly!
You are too injured to fight recklessly!
You closely miss the quokka. The rat bites you but does no damage.
The quokka misses you. The goblin misses you.
You miss the quokka. The quokka completely misses you.
The rat closely misses you. The quokka misses you.
The goblin hits you but does no damage. The rat closely misses you.
You closely miss the quokka.
The quokka bites you but does no damage.
The goblin closely misses you. The rat bites you.
You hit the quokka.
The quokka is lightly wounded.
The quokka bites you. The goblin hits you but does no damage.
The rat bites you but does no damage.
You hit the quokka.
You kill the quokka!
The goblin hits you with a +0 dagger.
* * * LOW HITPOINT WARNING * * *
The rat bites you but does no damage. The goblin hits you but does no damage.
The rat bites you but does no damage.
You see here a quokka corpse.
You hit the goblin.
You kill the goblin!
The rat bites you.
* * * LOW HITPOINT WARNING * * *
Your Short Blades skill increases to level 3!
The rat closely misses you.
Things that are here:
a +0 dagger; a goblin corpse The rat bites you.
You die...

### #.. ..# #.# #
#.###.## .#
#######......#######.#
......#.###...........
...................# #
#............#.....#.##
........###..#.r......##
#.###.#.# #..#†)@.......
#.# #.#.# #..#........##
#.# #.#.# #...........#
#.# #.#.# ##.####...#.#
#.# #...# #.# ...# # #.#
#..## ... .#... #.# #..
#..# ...### .#. ...# #
#.##


You could see a rat.

Vanquished Creatures
  A goblin (D:1)
  A hobgoblin (D:1)
  A quokka (D:1)
3 creatures vanquished.

Notes
Turn   | Place    | Note
-------+----------+-------------------------------------------
     0 | D:1      | polve the Demonspawn Gladiator began the quest for the Orb.
     0 | D:1      | Reached XP level 1. HP: 16/16 MP: 1/1
   110 | D:1      | Reached skill level 3 in Short Blades
   111 | D:1      | Slain by a rat

Illustrated notes

Levels and vault maps discovered:
D:1:      saegor_arrival_simple_e, layout_loops_ring,
          shapermc_ecumenical_altar_mp_urbaneastern

Skill      XL: |  1 |
---------------+----+-----
Short Blades   | 3 |  3.0
Fighting       | |  2.0
Throwing       | |  1.7
Dodging        | |  2.6

Action                   || total
-------------------------++-------
Melee: Rapier            ||    17
Armor: Leather armour    ||    16
Dodge: Dodged            ||    22

Table legend: (Time is in decaauts)
 A = Elapsed time spent in this place.
 B = Non-inter-level travel time spent in this place.
 C = Inter-level travel time spent in this place.
 D = Time resting spent in this place.
 E = Time spent auto-exploring this place.
 F = Levels seen in this place.
 G = Mean time per level.
                   A        B        C        D        E       F      G
               +--------+--------+--------+--------+--------+-----+--------+
         Total |    112 |    112 |      0 |      0 |     88 |   1 |  112.0 |
       Dungeon |    112 |    112 |      0 |      0 |     88 |   1 |  112.0 |
               +--------+--------+--------+--------+--------+-----+--------+

Top non-repeatable levels by time:
     D:1: 112 daAuts
